 Dungeon Crawl Stone Soup version 0.27-a0-1324-ge0d8e047f6 (webtiles) character file.

Game seed: 17588254196854699334

198 unlimited1921 the Ruffian (level 5, -1/46 HPs)
             Began as a Ghoul Monk on June 23, 2021.
             Slain by a scorpion (2 damage)
             ... on level 6 of the Dungeon.
             The game lasted 00:30:48 (1799 turns).

unlimited1921 the Ruffian (Ghoul Monk)              Turns: 1799, Time: 00:30:49

Health: -1/46      AC:  7    Str: 22    XL:     5   Next: 76%
Magic:  4/4        EV:  8    Int:  5    God:
Gold:   61         SH:  8    Dex: 11    Spells: 4/4 levels left

rFire    + . .     SeeInvis .   p - +0 spear (freeze)
rCold    + + .     Faith    .   g - +0 kite shield
rNeg     + + +     Spirit   .   q - +0 scale mail
rPois    ∞         Reflect  .   (no helmet)
rElec    +         Harm     .   (no cloak)
rCorr    +         Rampage  .   c - +0 pair of gloves
Will     +....                  (no boots)
Stlth    +.........             (no amulet)
HPRegen  0.00/turn              o - ring of willpower
MPRegen  0.09/turn              s - +6 ring of strength

@: resistant
A: claws 1, cold resistance 1, negative energy resistance 3, inhibited
regeneration, torment resistance 2
a: no special abilities


You were on level 6 of the Dungeon.
You visited 1 branch of the dungeon, and saw 4 of its levels.

You collected 61 gold pieces.

Inventory:

Hand Weapons
 d - a +0 club
 e - a +0 short sword
 j - a +0 dagger
 k - a +0 hunting sling
 l - a +0 hunting sling
 m - a +0 scimitar
 p - a +0 spear of freezing (weapon)
Missiles
 h - 122 stones (quivered)
Armour
 a - a +0 robe
 c - a +0 pair of gloves (worn)
 g - a +0 kite shield (worn)
 n - a +0 leather armour
 q - a +0 scale mail (worn)
Jewellery
 o - a ring of willpower (left hand)
 s - a +6 ring of strength (right hand)
Scrolls
 f - 3 scrolls of identify
 r - a scroll of fog {unknown}
Potions
 b - a potion of curing
 t - a potion of lignification {unknown}


   Skills:
 * Level 3.7 Fighting
 + Level 1.8 Polearms
 + Level 0.3 Armour
 + Level 3.4 Dodging
 + Level 3.5 Stealth
 + Level 1.0 Shields
 + Level 4.4 Unarmed Combat


You had 4 spell levels left.
You didn't know any spells.
Your spell library was empty.

Dungeon Overview and Level Annotations

Branches:
Dungeon (3/15)

Altars:


Innate Abilities, Weirdness & Mutations

You thrive by killing the living.
You are immune to poison.
You have sharp fingernails.
Your flesh is cold resistant. (rC+)
You are immune to negative energy. (rN+++)
You do not regenerate when monsters are visible.
You are immune to unholy pain and torment.


Message History

A scorpion comes into view.
Found a sedimented brown potion.
You block the scorpion's attack. The scorpion stings you.
The scorpion stings you but does no damage.
You barely miss the scorpion. The scorpion stings you.
You barely miss the scorpion. You block the scorpion's attack.
The scorpion stings you.
You hit the scorpion. You freeze the scorpion.
The scorpion is moderately wounded.
The scorpion stings you.
You hit the scorpion. You freeze the scorpion.
The scorpion is moderately wounded.
The scorpion stings you. You block the scorpion's attack.
You closely miss the scorpion.
The scorpion is moderately wounded.
You block the scorpion's attack. The scorpion stings you.
Your shield prevents you from hitting the scorpion.
The scorpion is moderately wounded.
The scorpion stings you.
You hit the scorpion. You freeze the scorpion.
The scorpion is severely wounded.
The scorpion closely misses you. The scorpion barely misses you.
You hit the scorpion but do no damage.
The scorpion is severely wounded.
The scorpion stings you.
* * * LOW HITPOINT WARNING * * *
You closely miss the scorpion.
The scorpion is severely wounded.
The scorpion stings you!
* * * LOW HITPOINT WARNING * * *
The scorpion stings you.
* * * LOW HITPOINT WARNING * * *
The scorpion stings you.
* * * LOW HITPOINT WARNING * * *
The scorpion completely misses you. You block the scorpion's attack.
It was a potion of resistance.
You feel protected. The scorpion stings you.
You die...

.##.........####
!..................+
..##.##.###.#...###.#
# #.# #.##..#
#.###.###.#
#.........#
#####.##### ### #s#
### #.# #@# ##.# #.#
#.#####.#.####.##
#......###.##...##
#######.#.##......
##.........#
#######.### ###


You could see a scorpion.

Vanquished Creatures
  2 centaur zombies (D:6)
  A centaur skeleton (D:6)
  A hound skeleton (D:2)
  3 adders
  2 dart slugs
  8 endoplasms
  2 giant cockroaches (D:3)
  9 goblins
  2 hobgoblins (D:2)
  6 jackals (D:1)
  A quokka (D:1)
  3 ball pythons
  8 bats
  3 frilled lizards
  A kobold (D:1)
  8 rats
60 creatures vanquished.

Vanquished Creatures (others)
  A goblin (D:2)
  2 toadstools (D:6)
3 creatures vanquished.

Grand Total: 63 creatures vanquished

Notes
Turn   | Place    | Note
-------+----------+-------------------------------------------
     0 | D:1      | unlimited1921 the Ghoul Monk began the quest for the Orb.
     0 | D:1      | Reached XP level 1. HP: 19/19 MP: 0/0
   409 | D:1      | Reached XP level 2. HP: 15/26 MP: 1/1
   604 | D:1      | You fall into a shaft and drop 1 floor!
   608 | D:2      | Reached XP level 3. HP: 30/31 MP: 2/2
   874 | D:2      | Reached skill level 4 in Unarmed Combat
   878 | D:2      | Reached XP level 4. HP: 31/39 MP: 3/3
  1438 | D:3      | Found a glowing drain.
  1493 | D:3      | You fall into a shaft and drop 3 floors!
  1535 | D:6      | Reached skill level 1 in Shields
  1535 | D:6      | Reached XP level 5. HP: 34/46 MP: 4/4
  1649 | D:6      | Reached skill level 1 in Polearms
  1787 | D:6      | HP: 2/46 [scorpion (3)]
  1792 | D:6      | HP: 1/46 [scorpion (1)]
  1799 | D:6      | Slain by a scorpion

Illustrated notes

Levels and vault maps discovered:
D:1:      lightli_iron_boxes, layout_basic, ebering_ecumenical_altar_rust,
          st_stairs_10
D:2:      layout_rooms, minmay_domino_4
D:3:      layout_loops_ring, portal_sewer_entry_c, kennysheep_cluttered_room,
          minmay_misc_feat_rugged
D:6:      layout_loops_corners, vehumet_statue, minmay_gold_behind_fungi,
          palyth_stone_intersect, kennysheep_decorative_pillar,
          kennysheep_diamond, st_stairs_10, kennysheep_opposing_triangles

Skill      XL: |  1  2  3  4  5 |
---------------+----------------+-----
Dodging        | 3 |  3.4
Unarmed Combat | 4 |  4.4
Shields        | 1 |  1.0
Polearms       | 1 |  1.8
Stealth        | 3 |  3.5
Fighting       | |  3.7
Armour         | |  0.3

Action                   |  1- 3 |  4- 6 || total
-------------------------+-------+-------++-------
Melee: Unarmed           |   138 |    26 ||   164
       Punch             |     1 |       ||     1
       Spear             |       |    86 ||    86
Throw: Stone             |       |     3 ||     3
  Use: Scroll            |       |     1 ||     1
       Potion            |       |     1 ||     1
 Stab: Sleeping          |     5 |     3 ||     8
Armor: Robe              |    66 |    17 ||    83
       Scale mail        |       |    73 ||    73
Dodge: Dodged            |   134 |    52 ||   186
Block: Kite shield       |    38 |    64 ||   102

Table legend: (Time is in decaauts)
 A = Elapsed time spent in this place.
 B = Non-inter-level travel time spent in this place.
 C = Inter-level travel time spent in this place.
 D = Time resting spent in this place.
 E = Time spent auto-exploring this place.
 F = Levels seen in this place.
 G = Mean time per level.
                   A        B        C        D        E       F      G
               +--------+--------+--------+--------+--------+-----+--------+
         Total |   1853 |   1241 |    612 |    419 |     50 |   4 |  463.2 |
       Dungeon |   1853 |   1241 |    612 |    419 |     50 |   4 |  463.2 |
               +--------+--------+--------+--------+--------+-----+--------+

Top non-repeatable levels by time:
     D:1: 599 daAuts
     D:2: 572 daAuts
     D:3: 355 daAuts
     D:6: 326 daAuts
